 Dungeon Crawl Stone Soup version 0.31-a0-774-g0d66cbabe8 (webtiles) character file.

Game seed: 12792426817754197139

1731 snarfax the Cleaver (level 8, -4/109 (111) HPs)
             Began as a Troll Berserker on Sept 18, 2023.
             Was an Elder of Trog.
             Slain by a wight
             ... wielding a +4 scimitar
              (12 damage)
             ... on level 6 of the Dungeon.
             The game lasted 00:15:35 (4978 turns).

snarfax the Cleaver (Troll Berserker)               Turns: 4978, Time: 00:15:35

HP:   -4/109 (111)  AC:  6    Str: 28    XL:     8   Next: 76%
MP:   7/7           EV: 10    Int:  3    God:    Trog [****..]
Gold: 359           SH:  0    Dex:  9    Spells: 7/7 levels left

rFire   . . .        F - +0 battleaxe
rCold   + . .        (shield currently unavailable)
rNeg    + . .        E - +2 robe {rN+}
rPois   .            (helmet restricted)
rElec   .            (no cloak)
rCorr   .            (gloves unavailable)
SInv    .            (boots unavailable)
Will    .....        (no amulet) Stlth
                     o - ring of protection from cold
HPRegen 1.18/turn    (no ring)
MPRegen 0.10/turn

%: no passive effects
@: berserking, lightly drained, very quick
A: large, unfitting armour, claws 3, regeneration 1, shaggy fur 1, tough skin 1
a: Renounce Religion, Berserk, Trog's Hand, Brothers in Arms


You were on level 6 of the Dungeon.
You worshipped Trog.
Trog was greatly pleased with you.
You visited 2 branches of the dungeon, and saw 7 of its levels.
You also visited: Sewer.

You collected 429 gold pieces.
You spent 70 gold pieces at shops.

Inventory:

Hand Weapons
 a - a +1 hand axe
 q - a +2 spear of pain
 A - a +0 war axe
 F - a +0 battleaxe (weapon)
Missiles
 v - 2 javelins
 w - 11 poisoned darts (quivered)
 B - 2 throwing nets
Armour
 b - a +0 animal skin
 s - a +1 cloak
 E - a +2 robe of positive energy (worn)
Jewellery
 e - a ring of ice
 o - a ring of protection from cold (left claw)
 t - an amulet of magic regeneration
Wands
 y - a wand of flame (9)
 D - a wand of digging (7)
 H - a wand of polymorph (5)
Scrolls
 c - 3 scrolls of fear
 d - a scroll of vulnerability
 g - 5 scrolls of teleportation
 j - 2 scrolls of poison
 r - a scroll of enchant weapon
 x - 3 scrolls of revelation
 C - 2 scrolls of fog
 G - a scroll of identify
Potions
 f - 2 potions of berserk rage
 h - a potion of cancellation {unknown}
 i - 2 potions of might
 k - 6 potions of enlightenment
 l - 4 potions of curing
 m - 3 potions of magic {unknown}
 n - 2 potions of degeneration {unknown}
 p - 4 potions of mutation
 u - a potion of heal wounds {unknown}
 z - 2 potions of attraction


   Skills:
 - Level 2.4 Fighting
 + Level 9.8 Axes
 - Level 2.4 Dodging


You had 7 spell levels left.
You didn't know any spells.
Your spell library was empty.

Dungeon Overview and Level Annotations

Branches:
Dungeon (6/15)             Temple (1/1) D:4           Sewer (visited)

Altars:
Ashenzari
Cheibriados
Dithmenos
Elyvilon
Fedhas
Gozag
Hepliaklqana
Kikubaaqudgha
Makhleb
Nemelex Xobeh
Okawaru
Qazlal
Ru
Sif Muna
Trog
Uskayaw
Vehumet
Xom
Yredelemnul

Shops:
D:2 ?

Annotations:
Temple 2 transporters


Innate Abilities, Weirdness & Mutations

You are too large for most types of armour.
You have claws for hands.
Your natural rate of healing is unusually fast.
You are covered in fur. (AC +1)
You have tough skin. (AC +1)


Message History

A wight comes into view.
It is wielding a +2 dire flail of protection.
You barely miss the wight. The wight hits you with a +4 scimitar!
You partially resist.
You feel drained.
You closely miss the wight. The wight hits you with a +4 scimitar!
You hit the wight.
The wight is moderately damaged.
The wight barely misses you.
You hit the wight.
The wight is heavily damaged.
The wight hits you with a +4 scimitar!
You hit the wight but do no damage.
The wight is heavily damaged.
The wight hits you with a +4 scimitar!
You are too injured to fight recklessly!
You are too injured to fight recklessly!
You are too injured to fight recklessly!
You are too injured to fight recklessly!
You hit the wight.
The wight is moderately damaged.
The wight hits you with a +2 dire flail of protection!!
* * * LOW HITPOINT WARNING * * *
A red film seems to cover your vision as you go berserk!
You feel yourself moving faster!
You feel mighty!
The wight hits you with a +2 dire flail of protection!
* * * LOW HITPOINT WARNING * * *
You hit the wight.
The wight is severely damaged.
The wight hits you with a +2 dire flail of protection.
* * * LOW HITPOINT WARNING * * *
You partially resist.
You feel drained.
* * * LOW HITPOINT WARNING * * *
You slash the wight!
You destroy the wight!
Trog accepts your kill.
You barely miss the wight.
The wight is heavily damaged.
You closely miss the wight.
The wight is heavily damaged.
The wight hits you with a +4 scimitar!
You die...

#.# #####.##
.......##
####.....#### ≈
............# ≈≈.
#.....##.# ##
§≈..# #....###.#
.. ......###.#.##
#.# .#
.....!z@..#)# #.#
....#######.# #.#
. #.####.#
#.#.##.# #.#
#..#.#.# #..
#.###..# ##.
##..#.########.
...#..............
#...............#


You could see a wight.

Vanquished Creatures
  Sigmund (D:6)
  Edmund (D:6)
  Duvessa (D:4)
  A black bear (D:6)
  An ice beast (D:4)
  2 ogres
  A centaur (D:5)
  A kobold brigand (D:4)
  4 scorpions
  A wight (D:6)
  Dowan (D:4)
  A hound (D:5)
  4 iguanas
  10 gnolls
  11 adders
  4 river rats (Sewer)
  6 worms
  2 dart slugs (D:2)
  5 orcs
  14 ball pythons
  4 endoplasms
  9 giant cockroaches
  5 goblins
  6 hobgoblins
  13 jackals
  8 quokkas
  16 bats
  5 frilled lizards
  8 kobolds
  4 rats
150 creatures vanquished.

Vanquished Creatures (others)
  A rat (D:2)
1 creature vanquished.

Grand Total: 151 creatures vanquished

Notes
Turn   | Place    | Note
-------+----------+-------------------------------------------
     0 | D:1      | snarfax the Troll Berserker began the quest for the Orb.
     0 | D:1      | Reached XP level 1. HP: 22/22 MP: 0/0
   223 | D:1      | Reached XP level 2. HP: 20/29 MP: 1/1
   292 | D:1      | Reached skill level 3 in Axes
   768 | D:2      | Found Tuyf Ato's Magic Scroll Shoppe.
   788 | D:2      | Found a sacrificial altar of Ru.
   794 | D:2      | Bought a scroll of teleportation for 30 gold pieces
   794 | D:2      | Bought a scroll of poison for 40 gold pieces
   829 | D:2      | Reached XP level 3. HP: 36/36 MP: 2/2
  1097 | D:2      | Reached ** piety under Trog
  1113 | D:2      | Reached skill level 4 in Axes
  1161 | D:2      | Reached XP level 4. HP: 44/44 MP: 3/3
  1470 | D:2      | Found a faded altar of an unknown god.
  1984 | D:3      | Noticed an ogre
  1993 | D:3      | Killed an ogre
  1994 | D:3      | Reached skill level 5 in Axes
  1994 | D:3      | Reached XP level 5. HP: 22/50 MP: 4/4
  2140 | D:3      | Found a glowing drain.
  2162 | Sewer    | Entered a sewer
  2216 | Sewer    | Reached *** piety under Trog
  2441 | Sewer    | Reached XP level 6. HP: 59/59 MP: 5/5
  2691 | Sewer    | Reached skill level 6 in Axes
  3213 | D:4      | Noticed Duvessa
  3479 | D:4      | Reached XP level 7. HP: 35/66 MP: 6/6
  3569 | D:4      | Reached **** piety under Trog
  3586 | D:4      | Found a staircase to the Ecumenical Temple.
  3599 | Temple   | Found a transporter.
  3599 | Temple   | Found a transporter.
  3599 | Temple   | Found a transporter.
  3599 | Temple   | Found a transporter.
  3599 | Temple   | Entered the Ecumenical Temple
  3688 | D:4      | Noticed Dowan
  3703 | D:4      | Killed Duvessa
  3704 | D:4      | Reached skill level 7 in Axes
  3705 | D:4      | Killed Dowan
  3781 | D:5      | Entered Level 5 of the Dungeon
  4322 | D:5      | Reached skill level 8 in Axes
  4362 | D:5      | Reached XP level 8. HP: 65/74 MP: 7/7
  4639 | D:6      | Noticed Edmund
  4657 | D:6      | Killed Edmund
  4760 | D:6      | Noticed Sigmund
  4774 | D:6      | Killed Sigmund
  4775 | D:6      | Reached skill level 9 in Axes
  4975 | D:6      | HP: 5/106 [wight/+2 dire flail of protection (1)]
  4978 | D:6      | Slain by a wight

Illustrated notes

Levels and vault maps discovered:
D:1:      saegor_arrival_simple_d, layout_basic,
          wander_ebering_terrifying_dragon_lair
D:2:      layout_loops_ring, shapermc_ecumenical_altar_pompeii, serial_shops,
          nicolae_shop_tiny_statue_garden, basic_altar, serial_forest,
          infiniplex_forest_end_1, infiniplex_forest_straight_3,
          infiniplex_forest_end_1, infiniplex_forest_corner_2,
          infiniplex_forest_end_2, infiniplex_forest_end_2,
          infiniplex_forest_lined_3, infiniplex_forest_end_3,
          infiniplex_forest_clump_medium
D:3:      layout_basic, gup_sewer_entry_pipe
D:4:      layout_rooms, temple_fountains, serial_glass, glass_columns_a,
          glass_columns_a, due_unseen_surprise, minmay_strange_pillars,
          item_on_display_a, uniq_duvessa
D:5:      layout_cave_pools
D:6:      layout_loops_ring, general_overflow_altar,
          minmay_hollow_rounded_squares, uniq_eustachio, uniq_edmund,
          uniq_sigmund
Temple:   hellmonk_temple_divided_pantheon

Skill      XL: |  1  2  3  4  5  6  7  8 |
---------------+-------------------------+-----
Axes           | 3 4 5 6 8 9 |  9.8
Fighting       | |  2.4
Dodging        | |  2.4

Action                     |  1- 3 |  4- 6 |  7- 9 || total
---------------------------+-------+-------+-------++-------
  Melee: Hand axe          |   139 |   307 |    30 ||   476
         Punch             |       |     3 |       ||     3
         War axe           |       |       |    74 ||    74
         Battleaxe         |       |       |    23 ||    23
  Throw: Dart              |       |       |    30 ||    30
 Invoke: Berserk           |       |     2 |     2 ||     4
    Use: Scroll            |     5 |     5 |     1 ||    11
   Stab: Held in net/web   |       |       |     1 ||     1
 Armour: Animal skin       |    93 |   241 |   101 ||   435
         Robe              |       |       |    16 ||    16
  Dodge: Dodged            |    87 |   180 |    80 ||   347

Table legend: (Time is in decaauts)
 A = Elapsed time spent in this place.
 B = Non-inter-level travel time spent in this place.
 C = Inter-level travel time spent in this place.
 D = Time resting spent in this place.
 E = Time spent auto-exploring this place.
 F = Levels seen in this place.
 G = Mean time per level.
                   A        B        C        D        E       F      G
               +--------+--------+--------+--------+--------+-----+--------+
         Total |   5057 |   4869 |    188 |    320 |   3033 |   8 |  632.1 |
       Dungeon |   4321 |   4133 |    188 |    290 |   2594 |   6 |  720.2 |
        Temple |      1 |      1 |      0 |      0 |      0 |   1 |    1.0 |
         Sewer |    734 |    734 |      0 |     30 |    439 |   1 |  734.0 |
               +--------+--------+--------+--------+--------+-----+--------+

Top non-repeatable levels by time:
     D:2: 988 daAuts
     D:1: 922 daAuts
     D:4: 871 daAuts
   Sewer: 734 daAuts
     D:5: 649 daAuts
     D:3: 545 daAuts
     D:6: 343 daAuts
  Temple: 1 daAuts
